 Dungeon Sprint DCSS version 0.29-a0-824-gd827844252 (webtiles) character file.

Game seed: 3028474369084167685

1766 123456 the Fighter (level 8, 0/89 HPs)
             Began as a Minotaur Fighter on July 10, 2022.
             Was a Priest of Okawaru.
             Slain by a tengu warrior
             ... wielding a +2 great mace
              (1 damage)
             ... in the Dungeon (Sprint IX: "|||||||||||||||||||||||||||||").
             The game lasted 00:01:04 (696 turns).

123456 the Fighter (Minotaur Fighter)                Turns: 696, Time: 00:01:05

Health: 0/89       AC: 11    Str: 21    XL:     8   Next: 79%
Magic:  7/7        EV: 15    Int:  8    God:    Okawaru [***...]
Gold:   0          SH:  4    Dex: 12    Spells: 7/7 levels left

rFire   . . .      SeeInvis .   n - +2 morningstar (vorpal)
rCold   . . .      Faith    .   c - +0 buckler
rNeg    . . .      Spirit   .   o - +1 scale mail
rPois   .          Reflect  .   (helmet restricted)
rElec   .          Harm     .   (no cloak)
rCorr   .          Rampage  .   a - +0 pair of gloves
Will    .....      NoTele   +   (no boots)
Stlth   ..........              (no amulet)
HPRegen 0.24/turn               q - +3 ring of intelligence
MPRegen 0.10/turn               p - +2 ring of evasion

@: no status effects
A: horns 2, retaliatory headbutt
a: Renounce Religion, Heroism


You were in the Dungeon.
You worshipped Okawaru.
Okawaru was most pleased with you.
You visited 1 branch

Inventory:

Hand Weapons
 n - a +2 vorpal morningstar (weapon)
Armour
 a - a +0 pair of gloves (worn)
 c - a +0 buckler (worn)
 o - a +1 scale mail (worn)
Jewellery
 p - a +2 ring of evasion (right hand)
 q - a +3 ring of intelligence (left hand)
Wands
 m - a wand of iceblast (10)
Scrolls
 j - 2 scrolls of blinking
 l - 2 scrolls of amnesia
Potions
 d - a potion of might
 f - 2 potions of heal wounds
 g - a potion of haste
 h - 4 potions of magic
 i - a potion of berserk rage
 k - a potion of invisibility


   Skills:
 * Level 14.0 Fighting
 * Level 13.8 Maces & Flails
 + Level 10.3 Armour
 + Level 8.8 Dodging
 - Level 3.6 Shields


You had 7 spell levels left.
You didn't know any spells.
Your spell library was empty.

Dungeon Overview and Level Annotations

Branches:
Dungeon (1/1)

Altars:
Cheibriados
Dithmenos
Elyvilon
Fedhas
Gozag
Hepliaklqana
Kikubaaqudgha
Makhleb
Nemelex Xobeh
Okawaru
Qazlal
Ru
Sif Muna
Trog
Uskayaw
Vehumet
Wu Jian
Xom
Yredelemnul
Zin
The Shining One
Jiyva
Lugonu


Innate Abilities, Weirdness & Mutations

You have a pair of horns on your head.
You reflexively headbutt those who attack you in melee.


Message History

The tengu warrior hits you with a +2 great mace.
* * * LOW HITPOINT WARNING * * *
The tengu warrior pecks you but does no damage.
The tengu warrior claws you but does no damage.
You feel better.
The tengu warrior hits you but does no damage.
The tengu warrior pecks you.
* * * LOW HITPOINT WARNING * * *
You block the tengu warrior's attack.
You feel better. The tengu warrior barely misses you. You furiously retaliate!
You headbutt the tengu warrior! The tengu warrior barely misses you.
You block the tengu warrior's attack.
You feel better.
The kobold demonologist casts a spell.
The tengu warrior barely misses you. You block the tengu warrior's attack.
The tengu warrior closely misses you.
You feel better.
The tengu warrior hits you with a +2 great mace!
* * * LOW HITPOINT WARNING * * *
The tengu warrior closely misses you. You block the tengu warrior's attack.
You closely miss the tengu warrior.
The tengu warrior is moderately wounded.
You closely miss the tengu warrior.
The tengu warrior is moderately wounded.
The tengu warrior hits you with a +2 great mace!
* * * LOW HITPOINT WARNING * * *
The tengu warrior pecks you but does no damage.
The tengu warrior claws you.
* * * LOW HITPOINT WARNING * * *
Unknown command.
You puncture the tengu warrior!
The tengu warrior is severely wounded.
The tengu warrior hits you with a +2 great mace.
* * * LOW HITPOINT WARNING * * *
The tengu warrior pecks you but does no damage.
The tengu warrior claws you but does no damage.
You closely miss the tengu warrior.
The tengu warrior is severely wounded.
You block the tengu warrior's attack. The tengu warrior pecks you.
You die...

▓.▓
▓[▓
▓)▓
▓.▓
▓.▓
▓.▓
▓.▓
▓.▓
▓@▓
▓Q▓
▓J▓
▓u▓
▓4▓
▓K▓
▓4▓
▓4▓


You could see a cyan ugly thing, a slime creature, a tengu warrior, an orange
demon (summoned), a rust devil (summoned), a kobold demonologist and a red devil
(summoned).

Vanquished Creatures
  A hydra (D)
  A kobold demonologist (D)
  A troll (D)
  A wraith (D)
  An acid dragon (D)
  A black bear (D)
  2 orc warriors (D)
  A centaur (D)
  A hound (D)
  An orc wizard (D)
  A worm (D)
  An orc (D)
  A giant cockroach (D)
  A hobgoblin (D)
  2 goblins (D)
  A rat (D)
18 creatures vanquished.

Notes
Turn   | Place    | Note
-------+----------+-------------------------------------------
     0 | D        | 123456 the Minotaur Fighter began the quest for the Orb.
     0 | D        | Reached XP level 1. HP: 19/19 MP: 0/0
     7 | D        | Reached skill level 4 in Fighting
    13 | D        | Reached skill level 1 in Dodging
    67 | D        | Noticed a hound
    67 | D        | Noticed an orc wizard
    67 | D        | Noticed a black bear
    79 | D        | Killed a hound
    80 | D        | Reached skill level 5 in Fighting
    80 | D        | Reached skill level 5 in Maces & Flails
    80 | D        | Reached XP level 2. HP: 21/30 MP: 1/1
    80 | D        | Reached XP level 3. HP: 26/37 MP: 2/2
    84 | D        | Reached skill level 6 in Fighting
    84 | D        | Reached skill level 5 in Armour
    88 | D        | HP: 1/38 [black bear (5)]
    89 | D        | Killed a black bear
    90 | D        | Reached skill level 8 in Fighting
    90 | D        | Reached XP level 4. HP: 2/48 MP: 3/3
    90 | D        | Reached XP level 5. HP: 2/53 MP: 4/4
   392 | D        | Found a snail-covered altar of Cheibriados.
   392 | D        | Found a shadowy altar of Dithmenos.
   392 | D        | Found a white marble altar of Elyvilon.
   392 | D        | Found a blossoming altar of Fedhas.
   392 | D        | Found an opulent altar of Gozag.
   393 | D        | Found a hazy altar of Hepliaklqana.
   394 | D        | Found a viscous altar of Jiyva.
   395 | D        | Found an ancient bone altar of Kikubaaqudgha.
   396 | D        | Found a corrupted altar of Lugonu.
   397 | D        | Found a burning altar of Makhleb.
   398 | D        | Found a sparkling altar of Nemelex Xobeh.
   399 | D        | Found an iron altar of Okawaru.
   400 | D        | Found a stormy altar of Qazlal.
   401 | D        | Found a sacrificial altar of Ru.
   402 | D        | Found a shimmering blue altar of Sif Muna.
   403 | D        | Found a bloodstained altar of Trog.
   404 | D        | Found a hide-covered altar of Uskayaw.
   405 | D        | Found a radiant altar of Vehumet.
   406 | D        | Found an ornate altar of the Wu Jian Council.
   407 | D        | Found a shimmering altar of Xom.
   409 | D        | Became a worshipper of Warmaster Okawaru
   413 | D        | Found a basalt altar of Yredelemnul.
   414 | D        | Found a glowing silver altar of Zin.
   415 | D        | Found a glowing golden altar of the Shining One.
   464 | D        | Noticed an orc warrior
   464 | D        | Noticed a wraith
   464 | D        | Noticed a kobold demonologist
   464 | D        | Noticed an orc warrior
   464 | D        | Noticed an acid dragon
   464 | D        | Noticed a centaur
   467 | D        | Killed an orc warrior
   468 | D        | Reached skill level 9 in Fighting
   468 | D        | Reached skill level 5 in Dodging
   472 | D        | Killed a wraith
   472 | D        | Reached * piety under Okawaru
   473 | D        | Reached skill level 10 in Fighting
   473 | D        | Reached skill level 10 in Maces & Flails
   473 | D        | Reached XP level 6. HP: 28/67 MP: 5/5
   477 | D        | Killed a kobold demonologist
   478 | D        | Reached skill level 11 in Fighting
   478 | D        | Reached XP level 7. HP: 32/75 MP: 6/6
   482 | D        | Reached skill level 12 in Fighting
   676 | D        | Noticed a seven-headed hydra
   676 | D        | Noticed a troll
   676 | D        | Noticed a tengu warrior
   676 | D        | Noticed a slime creature
   676 | D        | Noticed a cyan ugly thing
   676 | D        | Noticed a kobold demonologist
   680 | D        | Noticed an orange demon
   681 | D        | Killed a seven-headed hydra
   681 | D        | Reached ** piety under Okawaru
   682 | D        | Reached skill level 13 in Fighting
   682 | D        | Reached skill level 10 in Armour
   682 | D        | Reached XP level 8. HP: 12/88 MP: 7/7
   685 | D        | Killed a troll
   685 | D        | Reached *** piety under Okawaru
   686 | D        | Reached skill level 14 in Fighting
   686 | D        | Noticed a rust devil
   688 | D        | Noticed a red devil
   688 | D        | HP: 3/89 [tengu warrior/+2 great mace (2)]
   694 | D        | HP: 3/89 [tengu warrior/+2 great mace (6)]
   695 | D        | HP: 1/89 [tengu warrior/+2 great mace (3)]
   696 | D        | Slain by a tengu warrior

Illustrated notes

Levels and vault maps discovered:
D:        linesprint [early_d, line_temple, items_1, d_10, items_2, lair_1,
          lair_end, items_3, orc_1, orc_end, items_4, d_15, swamp_1, shoals_1,
          snake_1, spider_1, d_20, vaults_1, items_5, swamp_end, shoals_end,
          snake_end, spider_end, vaults_end, d_27, items_6, zot_1, zot_end,
          crypt_end, forest_end, elf_end, slime_end, tomb_end, abyss_end,
          pan_hell_end]

Skill      XL: |  1  2  3  4  5  6  7  8 |
---------------+-------------------------+-----
Fighting       | 5 8 10 11 13 14 | 14.0
Maces & Flails | 5 7 10 11 13 | 13.8
Dodging        | 2 4 6 8 |  8.8
Armour         | 4 6 7 8 10 | 10.3
Shields        | |  3.6

Action                   |  1- 3 |  4- 6 |  7- 9 || total
-------------------------+-------+-------+-------++-------
Melee: Flail             |    34 |     2 |       ||    36
       Headbutt          |     5 |     3 |     8 ||    16
       Morningstar       |       |    13 |    27 ||    40
  Use: Potion            |       |       |     6 ||     6
Armor: Scale mail        |    11 |     1 |    14 ||    26
Dodge: Dodged            |    18 |     3 |    25 ||    46
Block: Buckler           |     5 |     1 |    15 ||    21

Table legend: (Time is in decaauts)
 A = Elapsed time spent in this place.
 B = Non-inter-level travel time spent in this place.
 C = Inter-level travel time spent in this place.
 D = Time resting spent in this place.
 E = Time spent auto-exploring this place.
 F = Levels seen in this place.
 G = Mean time per level.
                   A        B        C        D        E       F      G
               +--------+--------+--------+--------+--------+-----+--------+
         Total |    701 |    701 |      0 |    472 |     58 |   1 |  701.0 |
       Dungeon |    701 |    701 |      0 |    472 |     58 |   1 |  701.0 |
               +--------+--------+--------+--------+--------+-----+--------+

Top non-repeatable levels by time:
       D: 701 daAuts
